 Dungeon Crawl Stone Soup version 0.26.1-11-gd32895ea62 (webtiles) character file.

Game seed: 8360171930254532859

3757 Gerhazo the Destroyer (level 9, -6/74 HPs)
             Began as a Pale Draconian Conjurer on June 3, 2021.
             Was an Elder of Vehumet.
             Mangled by a wolf spider (18 damage)
             ... on level 8 of the Dungeon.
             The game lasted 00:15:05 (8619 turns).

Gerhazo the Destroyer (Pale Draconian Conjurer)     Turns: 8619, Time: 00:15:06

Health: -6/74      AC:  9    Str: 11    XL:     9   Next: 94%
Magic:  14/18      EV: 13    Int: 21    God:    Vehumet [****..]
Gold:   312        SH:  0    Dex:  9    Spells: 13/20 levels left

rFire    . . .     SeeInvis +   t - +2 quarterstaff (chaos)
rCold    + . .     Faith    .   (shield currently unavailable)
rNeg     . . .     Spirit   .   (armour unavailable)
rPois    .         Reflect  .   (helmet restricted)
rElec    .         Harm     .   p - +0 cloak
rCorr    .         Rampage  .   (no gloves)
Will     .....                  u - +0 pair of boots
Stlth    ++........             B - amulet of magic regeneration
HPRegen  0.22/turn              z - ring of protection from cold
MPRegen  0.41/turn              x - ring of see invisible

@: lethally poisoned (-6 -> -30), hasted, very quick
A: breathe steam, unfitting armour, cold-blooded, AC +7
a: Breathe Steam, Renounce Religion


You were on level 8 of the Dungeon.
You worshipped Vehumet.
Vehumet was greatly pleased with you.
You visited 2 branches of the dungeon, and saw 9 of its levels.

You collected 360 gold pieces.
You spent 48 gold pieces at shops.

Inventory:

Hand Weapons
 t - a +2 quarterstaff of chaos (weapon)
Missiles
 j - 2 throwing nets
Armour
 p - a +0 cloak (worn)
 u - a +0 pair of boots (worn)
Jewellery
 r - a +6 ring of strength
 x - a ring of see invisible (right hand)
 y - an uncursed amulet of regeneration
 z - a ring of protection from cold (left hand)
 B - an amulet of magic regeneration (around neck)
 E - an uncursed ring of willpower {unknown}
Wands
 w - a wand of digging (1)
 A - a wand of acid (8)
 C - a wand of iceblast (8)
Scrolls
 b - 7 scrolls of identify
 f - 5 scrolls of teleportation
 g - 4 scrolls of magic mapping
 h - a scroll of amnesia {unknown}
 i - 2 scrolls of enchant armour {unknown}
 k - 6 scrolls of immolation
 m - 5 scrolls of remove curse
 o - 2 scrolls of fear {unknown}
 s - 2 scrolls of blinking {unknown}
Potions
 a - 3 potions of invisibility {unknown}
 c - 2 potions of brilliance {unknown}
 d - 2 potions of attraction {unknown}
 e - 2 potions of haste
 l - a potion of degeneration {unknown}
 n - a potion of flight {unknown}
 q - a potion of berserk rage {unknown}
 v - 2 potions of curing {unknown}
 D - 2 potions of lignification {unknown}


   Skills:
 + Level 5.3 Fighting
 + Level 4.8 Dodging
 - Level 1.7 Stealth
 - Level 6.1 Spellcasting
 + Level 11.1 Conjurations
 + Level 1.7 Fire Magic


You had 13 spell levels left.
You knew the following spells:

 Your Spells              Type           Power        Failure   Level
a - Magic Dart            Conj           100%         1%          1
b - Searing Ray           Conj           100%         1%          2
d - Iskenderun's Mystic   Conj/Tloc      29%          2%          4

Your spell library contained the following spells:

 Spells                   Type           Power        Failure   Level
 Static Discharge         Conj/Air       29%          1%          3
 Dazzling Flash           Conj/Hex       58%          1%          3
 Fulminant Prism          Conj/Hex       14%          2%          4


Dungeon Overview and Level Annotations

Branches:
Dungeon (8/15)             Temple (1/1) D:5
   Lair: D:8-11

Altars:
Ashenzari
Cheibriados
Dithmenos
Elyvilon
Fedhas
Gozag
Hepliaklqana
Kikubaaqudgha
Makhleb
Nemelex Xobeh
Okawaru
Qazlal
Ru
Sif Muna
Trog
Uskayaw
Vehumet
Wu Jian
Xom
Yredelemnul
Zin
The Shining One

Shops:
D:7 ?!?*

Annotations:
D:6 3 runed translucent doors, PanSaczeczos's ghost, novice KoDe; Tinylith's ghost, novice DsBe


Innate Abilities, Weirdness & Mutations

You can breathe blasts of scalding, opaque steam.
Your pale cyan-grey scales are hard. (AC +7)
You cannot fit into any form of body armour.
You are cold-blooded and may be slowed by cold attacks.


Message History

The hornet zombie hits you!
The searing ray hits the wolf spider!
The wolf spider is lightly wounded.
The searing ray hits the wyvern skeleton!
The wyvern skeleton is moderately damaged. (Press . to maintain the ray.)
The searing ray hits the wolf spider!
The wolf spider is moderately wounded.
The searing ray hits the wyvern skeleton!
The wyvern skeleton is severely damaged.
The wolf spider hits you!! The wolf spider bites you!
You are lethally poisoned!
The wolf spider poisons you! The wolf spider hits you!
* * * LOW HITPOINT WARNING * * *
The wolf spider closely misses you.
It was a potion of haste.
You feel yourself speed up.
* * * LOW HITPOINT WARNING * * *
You feel very sick. The wolf spider hits you!!
You die...

#........###....####..###
##.####.................#
##..#.#########.#########
#...#..#♣♣...........♣♣
###.....#♣.###########.♣#
.......##..'......)†)'.(#
........#♣.###########.♣#
.####...#♣♣...........♣♣
#.# ##### ######@######
..# ♣s♣ ..# ♣Z♣ ..#
♣.....Z5....♣ #.#
♣...........♣ #.#
♣..+#####)..♣ ..# ♣ ♣.
#..♣ ..#♣.♣ ♣ .5♣ .).†♣
...


You could see a wolf spider, an ufetubus, a hornet zombie and a wyvern skeleton.

Vanquished Creatures
  Maggie (D:8)
  3 ice beasts
  A sky beast (D:8)
  A black bear (D:8)
  5 ogres
  A necrophage (D:5)
  4 phantoms
  The ghost of Doot the Chiller, an amateur DrIE (D:4)
  2 centaurs
  2 bullfrogs
  A gnoll sergeant (D:5)
  2 scorpions
  A water moccasin skeleton (D:5)
  5 wights (D:7)
  A howler monkey (D:4)
  A quasit (D:7)
  A bullfrog skeleton (D:6)
  2 hounds
  Crazy Yiuf (D:2)
  5 orc priests
  A centaur skeleton (D:4)
  A jelly (D:8)
  8 orc wizards
  Jessica (D:2)
  2 iguanas
  Ijyb (D:3)
  5 worker ants
  A howler monkey zombie (D:7)
  A howler monkey skeleton (D:5)
  18 gnolls
  16 adders
  A shadow imp (D:6)
  2 white imps (D:5)
  5 ufetubi
  2 adder skeletons (D:8)
  3 worms
  3 dart slugs (D:4)
  4 leopard geckos
  28 orcs
  5 bats
  6 giant cockroaches
  8 goblins
  9 hobgoblins
  13 jackals
  4 quokkas
  4 ball pythons
  4 frilled lizards
  10 kobolds
  A quokka skeleton (D:8)
  6 rats
214 creatures vanquished.

Vanquished Creatures (others)
  A plant (D:6)
1 creature vanquished.

Grand Total: 215 creatures vanquished

Notes
Turn   | Place    | Note
-------+----------+-------------------------------------------
     0 | D:1      | Gerhazo the Draconian Conjurer began the quest for the Orb.
     0 | D:1      | Reached XP level 1. HP: 14/14 MP: 3/3
   299 | D:1      | Reached XP level 2. HP: 20/20 MP: 1/5
  1351 | D:1      | Reached XP level 3. HP: 26/26 MP: 3/6
  1413 | D:1      | Learned a level 2 spell: Searing Ray
  1414 | D:2      | Noticed Jessica
  1450 | D:2      | Found a radiant altar of Vehumet.
  1450 | D:2      | Noticed an ice beast
  1458 | D:2      | Found a transporter.
  1465 | D:2      | Found a transporter.
  1498 | D:2      | Became a worshipper of Vehumet
  1869 | D:2      | Reached skill level 5 in Conjurations
  1903 | D:2      | Reached XP level 4. HP: 31/33 MP: 2/8
  2120 | D:2      | Killed Jessica
  2338 | D:2      | Found an ancient bone altar of Kikubaaqudgha.
  2338 | D:2      | Found a blossoming altar of Fedhas.
  2529 | D:2      | Reached XP level 5. HP: 38/38 MP: 3/9
  2920 | D:2      | Found a runed translucent door.
  2921 | D:2      | Noticed Crazy Yiuf
  2931 | D:2      | Killed Crazy Yiuf
  2932 | D:2      | Reached skill level 6 in Conjurations
  3110 | D:3      | Reached * piety under Vehumet
  3110 | D:3      | Offered knowledge of Sandblast by Vehumet.
  3424 | D:3      | Reached XP level 6. HP: 45/45 MP: 11/11
  3978 | D:3      | Noticed Ijyb
  3994 | D:3      | Reached ** piety under Vehumet
  3994 | D:3      | Offered knowledge of Shock by Vehumet.
  4022 | D:3      | Killed Ijyb
  4190 | D:4      | Reached skill level 7 in Conjurations
  4379 | D:4      | Your scales start taking on a pale cyan-grey colour.
  4379 | D:4      | Reached XP level 7. HP: 50/50 MP: 10/13
  4491 | D:4      | Found a runed translucent gate.
  4491 | D:4      | Found a runed translucent gate.
  4493 | D:4      | Found a runed translucent gate.
  4556 | D:4      | Noticed Doot's ghost (amateur DrIE)
  4645 | D:4      | Reached skill level 8 in Conjurations
  4844 | D:4      | Reached skill level 5 in Spellcasting
  4976 | D:4      | Offered knowledge of Frozen Ramparts by Vehumet.
  5553 | D:4      | Found a sparkling altar of Nemelex Xobeh.
  5627 | D:4      | Killed Doot's ghost
  5684 | D:5      | Entered Level 5 of the Dungeon
  5684 | D:5      | Found a staircase to the Ecumenical Temple.
  5689 | D:5      | Reached XP level 8. HP: 57/57 MP: 10/15
  5689 | D:5      | Reached *** piety under Vehumet
  5710 | Temple   | Entered the Ecumenical Temple
  6085 | D:5      | Reached skill level 9 in Conjurations
  6769 | D:6      | Offered knowledge of Hailstorm by Vehumet.
  6850 | D:6      | Reached skill level 10 in Conjurations
  6857 | D:6      | Learned a level 4 spell: Iskenderun's Mystic Blast
  6878 | D:6      | Reached skill level 1 in Fighting
  6913 | D:6      | Found a sacrificial altar of Ru.
  6943 | D:6      | Reached XP level 9. HP: 59/67 MP: 9/18
  7011 | D:6      | Found Wishrink's Antique Weapon Shop.
  7011 | D:6      | Found a runed translucent gate.
  7013 | D:6      | Found a runed translucent gate.
  7033 | D:6      | Got an ancient rapier
  7034 | D:6      | Identified the +5 rapier of Simasidd {freeze, rPois MP-9
                  | Str+4} (You found it on level 6 of the Dungeon)
  7113 | D:6      | Found a runed translucent gate.
  7352 | D:6      | Noticed PanSaczeczos's ghost (novice KoDe)
  7353 | D:6      | Noticed Tinylith's ghost (novice DsBe)
  7422 | D:6      | Found an iron altar of Okawaru.
  7452 | D:6      | Found an ornate altar of the Wu Jian Council.
  7597 | D:7      | Found Buonk's Distillery.
  7625 | D:7      | Found Omamog's Magic Scroll Shop.
  7652 | D:7      | Found Wympusch's Assorted Antiques.
  7720 | D:7      | Found a stormy altar of Qazlal.
  7866 | D:7      | Found Bamywk's Magic Scroll Shop.
  7886 | D:7      | Bought a scroll of teleportation for 48 gold pieces
  8006 | D:7      | Found a hazy altar of Hepliaklqana.
  8021 | D:7      | Found a hide-covered altar of Uskayaw.
  8086 | D:7      | Found an opulent altar of Gozag.
  8086 | D:7      | Found a glowing silver altar of Zin.
  8180 | D:7      | Reached **** piety under Vehumet
  8239 | D:8      | Noticed Maggie
  8251 | D:8      | Killed Maggie
  8252 | D:8      | Reached skill level 11 in Conjurations
  8478 | D:8      | Found a glowing golden altar of the Shining One.
  8482 | D:8      | Offered knowledge of Static Discharge by Vehumet.
  8489 | D:8      | Reached skill level 5 in Fighting
  8489 | D:8      | Reached skill level 1 in Fire Magic
  8614 | D:8      | Noticed a wolf spider
  8619 | D:8      | Mangled by a wolf spider

Illustrated notes

Levels and vault maps discovered:
D:1:      erik_arrival_orb_chamber, layout_loops_corners
D:2:      layout_loops_ring, grunt_temple_overflow_growth_and_decay,
          gammafunk_temple_overflow_arena, uniq_crazy_yiuf_cottage, uniq_jessica
D:3:      layout_rooms, uniq_ijyb
D:4:      layout_basic, lemuel_coloured_pillars_altar, gammafunk_ghost_split,
          minmay_cupped
D:5:      layout_rooms, minmay_temple_entry_grid, lightli_minifort
D:6:      layout_cave_pools, nicolae_ru_awakened_eye,
          pdpol_wu_jian_five_deadly_venoms, kennysheep_little_box,
          gammafunk_ghost_cemetery, serial_shops,
          nicolae_shop_overgrown_old_shop
D:7:      cheibrodos_helix_gallery, layout_cave_pools,
          grunt_temple_overflow_gold_and_silver, grunt_qazlal_sundering,
          nzn_hepliaklqana_mist_gate, kennysheep_mini, serial_shops,
          kennysheep_mini_moat, shop, shop, shop
D:8:      nzn_winding_woodlands_cross [nzn_winding_woodlands_5x15_longhouse,
          nzn_winding_woodlands_5x15_parted, nzn_winding_woodlands_5x15_jagged,
          nzn_winding_woodlands_5x15_zeroes,
          nzn_winding_woodlands_15x15_killbox], layout_cave_pools,
          lemuel_round_altar, serial_shops, nicolae_shop_statue_plus,
          corexii_hall_statues_t, uniq_maggie
Temple:   compressed_dpeg_triangle_lava_temple

Skill      XL: |  1  2  3  4  5  6  7  8  9 |
---------------+----------------------------+-----
Conjurations   | 5 6 7 8 10 11 | 11.1
Spellcasting   | 3 4 5 6 |  6.1
Fighting       | 1 5 |  5.3
Dodging        | 2 4 |  4.8
Fire Magic     | 1 |  1.7
Stealth        | |  1.7

Action                   |  1- 3 |  4- 6 |  7- 9 || total
-------------------------+-------+-------+-------++-------
Melee: Unarmed           |     5 |       |       ||     5
       Mace              |     3 |       |       ||     3
       Quarterstaff      |       |    12 |    16 ||    28
 Cast: Magic Dart        |    46 |       |       ||    46
       Searing Ray       |     4 |    50 |    92 ||   146
       Iskenderun's Myst |       |       |    11 ||    11
 Abil: Breathe Steam     |       |       |     2 ||     2
  Use: Scroll            |       |       |     3 ||     3
       Potion            |       |       |     1 ||     1
 Stab: Paralysed         |       |       |     1 ||     1
Armor: Skin              |    15 |    15 |    48 ||    78
Dodge: Dodged            |    27 |    37 |    93 ||   157
